 Dungeon Crawl Stone Soup version 0.26-a0-651-gb41185065b (webtiles) character file.

Game seed: 7352642773838777334

69611 Flugslaktarn the Severer (level 14, 0/141 HPs)
             Began as a Deep Dwarf Fighter on Oct 7, 2020.
             Was the Champion of Makhleb.
             Slain by a shambling mangrove (16 damage)
             ... on level 3 of the Swamp.
             The game lasted 00:10:00 (13317 turns).

Flugslaktarn the Severer (Deep Dwarf Fighter)      Turns: 13317, Time: 00:10:00

Health: 0/141      AC: 24    Str: 38    XL:     14   Next: 91%
Magic:  17/17      EV:  4    Int:  5    God:    Makhleb [******]
Gold:   1301       SH: 19    Dex: 18    Spells: 13/13 levels left

rFire    + . .     SeeInvis +   M - +2 war axe (flame)
rCold    . . .     Faith    .   c - +0 kite shield
rNeg     + . .     Spirit   .   D - +1 plate armour of Least Resistance {Str+4}
rPois    .         Reflect  +   p - +1 helmet
rElec    +         Harm     .   N - +2 cloak of Anaesthesia {rCorr Str+4}
rCorr    +         Rampage  .   J - +0 pair of gloves
MR       +++..                  g - +0 pair of boots "Iruenik" {rElec Str+3 Slay+5}
Stlth    ..........             i - amulet of reflection
HPRegen  0.00/turn              O - ring of Luenelill {rElec MR+ Int-4 Dex+4}
MPRegen  0.15/turn              (no ring)

@: grasped by roots, non-regenerating, constricted, drained, very slow
A: damage resistance, heal wounds, see invisible, agile 1, fire resistance 1,
low mp 1, negative energy resistance 1, sense surroundings 2, strong 1, no
regeneration
a: Heal Wounds, Minor Destruction, Lesser Servant of Makhleb, Major Destruction,
Greater Servant of Makhleb, Renounce Religion


You were on level 3 of the Swamp.
You worshipped Makhleb.
Makhleb was exalted by your worship.
You visited 4 branches of the dungeon, and saw 23 of its levels.
You also visited: Sewer, Bailey and Gauntlet.

You collected 1301 gold pieces.

Inventory:

Hand Weapons
 M - a +2 war axe of flaming (weapon)
   (You took it off a meliai on level 15 of the Dungeon)
Missiles
 y - 4 throwing nets (quivered)
Armour
 c - a +0 kite shield (worn)
 g - the +0 pair of boots "Iruenik" (worn) {rElec Str+3 Slay+5}
   (You found it on level 5 of the Dungeon)

   It affects your strength (+3).
   It affects your accuracy and damage with ranged weapons and melee attacks
   (+5).
   It insulates you from electricity.
 p - a +1 helmet (worn)
   (You found it on level 4 of the Dungeon)
 D - the +1 plate armour of Least Resistance (worn) {Str+4}
   (You took it off an orc warrior on level 6 of the Dungeon)

   It affects your strength (+4).
 J - a +0 pair of gloves (worn)
   (You found it on level 12 of the Dungeon)
 N - the +2 cloak of Anaesthesia (worn) {rCorr Str+4}
   (You found it in a Gauntlet)

   It affects your strength (+4).
   It provides partial protection from all sources of acid and corrosion.
Jewellery
 a - an uncursed amulet of magic regeneration
   (You found it on level 1 of the Swamp)
 i - an amulet of reflection (around neck)
   (You found it on level 9 of the Dungeon)
 O - the ring of Luenelill (left hand) {rElec MR+ Int-4 Dex+4}
   (You found it in a Gauntlet)

   [ring of protection from magic]

   It affects your intelligence (-4).
   It affects your dexterity (+4).
   It insulates you from electricity.
   It affects your resistance to hostile enchantments.
Wands
 b - a wand of paralysis (31)
   (You found it on level 5 of the Dungeon)
 o - a wand of enslavement (4)
   (You found it on level 9 of the Dungeon)
 A - a wand of acid (10)
   (You found it on level 8 of the Dungeon)
 C - a wand of iceblast (4)
   (You found it on level 10 of the Dungeon)
Scrolls
 l - 4 scrolls of magic mapping
 m - 3 scrolls of fear
 r - 5 scrolls of identify
 t - 6 scrolls of teleportation
 u - 2 scrolls of enchant weapon
 x - 9 scrolls of remove curse
 z - 2 scrolls of blinking
 B - a scroll of enchant armour
 E - a scroll of summoning
 F - a scroll of silence
 I - 3 scrolls of vulnerability
 R - a scroll of fog
Potions
 d - 3 potions of might
 e - a potion of invisibility
 h - a potion of haste
 j - a potion of berserk rage
 n - a potion of resistance
 q - 10 potions of curing
 s - 6 potions of flight
 w - 5 potions of heal wounds
 G - 4 potions of mutation
 H - 3 potions of lignification
 L - 2 potions of ambrosia


   Skills:
 * Level 13.2(12.2) Fighting
 * Level 15.2(14.1) Axes
 + Level 11.5(10.5) Armour
 + Level 11.5(10.5) Shields
 + Level 10.5(9.5) Invocations
 + Level 8.6(7.7) Evocations


You had 13 spell levels left.
You didn't know any spells.
Your spell library was empty.

Dungeon Overview and Level Annotations

Branches:
Dungeon (15/15)            Temple (1/1) D:7            Lair (4/6) D:11
  Swamp (3/4) Lair:3       Spider (0/4) Lair:3          Orc (0/2) D:9
 Vaults (0/5) D:14         Depths (0/5) D:15          Sewer (visited)
 Bailey (visited)         Gauntlet (visited)

Altars:
Ashenzari
Cheibriados
Dithmenos
Elyvilon
Fedhas
Gozag
Hepliaklqana
Makhleb
Nemelex Xobeh
Okawaru
Qazlal
Ru
Sif Muna
Trog
Uskayaw
Vehumet
Wu Jian
Xom
Yredelemnul
Zin
The Shining One
Beogh

Shops:
D:4 (   D:7 *   D:10 :

Annotations:
D:4 1 runed translucent door, PanSaczeczos's ghost, novice HOAK
D:5 3 runed translucent doors, p0werm0de's ghost, amateur DDFi
D:8 1 exclusion


Innate Abilities, Weirdness & Mutations

You are resistant to damage.
You can heal yourself by infusing magical energy.
You resist negative energy. (rN+)
You passively map the area around you.
You do not regenerate.
You have supernaturally acute eyesight. (SInv)
You are agile. (Dex +2)
Your flesh is heat resistant. (rF+)
Your magical capacity is low. (-10% MP)
Your muscles are strong. (Str +2)


Message History

You are too injured to fight recklessly!
Your unstable footing causes you to fumble your attack.
You are engulfed in spectral mist.
The ghost crab bites you but does no damage.
You block the ghost crab's attack. The shambling mangrove hits you!
* * * LOW HITPOINT WARNING * * *
x2 The grasping roots constrict you.
The spectral spriggan druid hits you but does no damage.
The roots' grasp on you weakens, but your attempt to escape fails.
You are engulfed in spectral mist.
* * * LOW HITPOINT WARNING * * *
You block the spectral seven-headed hydra's attack.
The spectral seven-headed hydra barely misses you.
The spectral seven-headed hydra bites you but does no damage. x3
You block the spectral seven-headed hydra's attack.
The spectral seven-headed hydra bites you but does no damage.
You block the ghost crab's attack.
The ghost crab claws you but does no damage.
The shambling mangrove hits you!
You die...

, ≈≈ ≈≈♣$≈≈≈≈≈...♣♣♣
≈≈ ≈≈ *♣≈≈≈≈≈≈≈≈≈≈.≈♣♣
* , * ♣≈..≈♣≈..♣♣≈≈≈♣♣
* * ♣..§...≈♣ ≈≈≈.♣ *≈
≈, ♣≈.≈≈...♣♣≈≈≈.♣ ,≈
≈ ≈ ♣♣♣♣.≈≈≈)≈♣≈.≈..≈♣
* ♣.≈≈≈≈......§?♣♣≈♣ *
≈ *
♣♣♣.≈≈≈.....ZZ♣♣....
*≈, ,≈ ,
,...≈.≈≈..).≈@t○≈≈≈≈.,
≈≈
...≈..≈≈..≈≈°f°≈≈≈≈. ,
≈ ≈≈≈.♣≈≈..†≈≈≈≈≈≈≈≈≈≈
≈≈
≈≈≈*♣♣.≈♣..≈.!≈≈≈≈≈. ≈
≈ , ♣♣♣≈≈≈≈......≈≈≈ ≈
≈ ≈ ♣.≈≈≈§.....≈≈, ≈ ≈
♣≈.≈≈.≈≈..... ≈
♣.≈≈..≈.≈≈..≈ ≈
≈≈≈≈≈..≈≈.≈ ≈ ≈≈


You could see a shambling mangrove, a ghost crab, a spectral seven-headed hydra
(summoned) and a spectral spriggan druid (summoned).

Vanquished Creatures
  An ironheart preserver (D:14)
  A minotaur (Gauntlet)
  A dire elephant (D:15)
  Harold (D:7)
  2 hydras
  A ghost crab (Swamp:3)
  5 two-headed ogres
  4 alligators
  A centaur warrior (D:14)
  A catoblepas (D:15)
  A tengu warrior (D:15)
  2 death scarabs (Gauntlet)
  5 death yaks (D:11)
  Nergalle (D:12)
  A spectral death yak (Gauntlet)
  A spriggan druid (Swamp:3)
  A swamp dragon (Swamp:3)
  An unseen horror (D:14)
  A wizard (D:15)
  2 glowing orange brains (Gauntlet)
  A spectral hydra (Gauntlet)
  A deep elf mage (D:13)
  A salamander (D:15)
  The ghost of imnewhereh the Stinger, a novice GnVM (D:6)
  5 cyclopes
  21 ugly things
  A wolf spider (D:15)
  A moth of wrath (Gauntlet)
  A black mamba (Lair:4)
  A torpor snail (Lair:3)
  Joseph (D:7)
  Psyche (D:12)
  6 cane toads
  A rime drake (Lair:2)
  A kobold demonologist (D:14)
  A rime drake (shapeshifter) (D:14)
  A komodo dragon (Lair:2)
  A freezing wraith (D:14)
  2 tengu conjurers
  3 jumping spiders (Lair:3)
  3 meliai (D:15)
  4 trolls
  A polar bear (Lair:3)
  2 tyrant leeches
  A bog body (Swamp:2)
  5 hornets
  Grinder (D:6)
  A spectral black mamba (Gauntlet)
  5 blink frogs (Lair:4)
  4 slime creatures
  7 hippogriffs
  3 spriggans
  A tarantella (shapeshifter) (D:14)
  3 wraiths
  2 wyverns
  25 yaks
  3 hogs (D:12)
  A spectral komodo dragon (Gauntlet)
  2 basilisks (Lair:4)
  8 vampire mosquitoes
  A steam dragon (D:10)
  3 insubstantial wisps (Swamp:3)
  Menkaure (D:4)
  4 swamp worms
  3 acid dragons
  3 water moccasins
  6 porcupines
  6 orc warriors
  3 swamp drakes
  2 ice beasts
  Purgy (Sewer)
  5 phantoms
  8 sky beasts
  6 ogres
  6 wolves (Gauntlet)
  20 centaurs
  8 crocodiles
  4 big kobolds
  A big kobold (shapeshifter) (D:13)
  30 bullfrogs
  An elf skeleton (D:8)
  2 water moccasin zombies
  A wyvern skeleton (D:11)
  4 scorpions
  22 killer bees
  11 wights
  2 howler monkeys
  3 centaur zombies
  4 hounds
  5 jellies
  2 quasits
  Crazy Yiuf (D:4)
  9 orc priests
  13 orc wizards
  A bullfrog skeleton (D:12)
  6 centaur skeletons
  6 iguanas
  10 worker ants
  2 hound zombies
  A hound skeleton (D:8)
  2 worker ant zombies (D:8)
  A howler monkey skeleton (D:11)
  9 adders
  3 gnolls (D:9)
  2 shadow imps
  A white imp (D:9)
  4 ufetubi
  An ooze (D:1)
  3 worms
  7 leopard geckos
  41 orcs
  9 bats
  6 giant cockroaches
  6 goblins
  4 hobgoblins
  10 jackals
  19 kobolds
  A quokka (D:3)
  2 ball pythons (D:2)
  3 frilled lizards
  A jackal skeleton (D:7)
  A quokka skeleton (D:4)
  A quokka zombie (D:6)
  A rat (D:2)
533 creatures vanquished.

Vanquished Creatures (collateral kills)
  A hydra (Lair:4)
  A killer bee (D:11)
2 creatures vanquished.

Vanquished Creatures (others)
  Kirke (D:12)
  An ugly thing (D:15)
  A spriggan (Swamp:3)
  17 demonic plants (Gauntlet)
  10 fungi
  16 plants
46 creatures vanquished.

Grand Total: 581 creatures vanquished

Notes
Turn   | Place    | Note
-------+----------+-------------------------------------------
     0 | D:1      | Flugslaktarn the Deep Dwarf Fighter began the quest for the
                  | Orb.
     0 | D:1      | Reached XP level 1. HP: 20/20 MP: 1/1
    62 | D:1      | Reached XP level 2. HP: 22/27 MP: 2/2
    80 | D:2      | Found a basalt altar of Yredelemnul.
   258 | D:3      | Reached XP level 3. HP: 33/34 MP: 3/3
   298 | D:3      | Reached skill level 3 in Axes
   410 | D:3      | Found a glowing golden altar of the Shining One.
   410 | D:3      | Found a white marble altar of Elyvilon.
  1023 | D:4      | Noticed a scorpion
  1028 | D:4      | Killed a scorpion
  1028 | D:4      | Reached XP level 4. HP: 25/42 MP: 4/4
  1038 | D:3      | Reached XP level 5. HP: 18/50 MP: 5/5
  1049 | D:4      | Reached skill level 4 in Axes
  1063 | D:4      | Reached XP level 6. HP: 32/57 MP: 6/6
  1095 | D:4      | Found a runed translucent door.
  1103 | D:4      | Noticed PanSaczeczos's ghost (novice HOAK)
  1131 | D:4      | Found Toder's Antique Weapon Boutique.
  1171 | D:4      | Noticed Menkaure
  1181 | D:4      | Killed Menkaure
  1181 | D:4      | Reached skill level 5 in Axes
  1364 | D:4      | Reached XP level 7. HP: 35/66 MP: 6/6
  1429 | D:4      | Found a runed translucent door.
  1430 | D:4      | Noticed Crazy Yiuf
  1685 | D:4      | Killed Crazy Yiuf
  1741 | D:5      | Entered Level 5 of the Dungeon
  1794 | D:5      | Reached skill level 5 in Fighting
  1859 | D:5      | Reached skill level 5 in Armour
  1859 | D:5      | Reached skill level 5 in Shields
  1927 | D:5      | Found a sacrificial altar of Ru.
  2044 | D:5      | Reached skill level 6 in Axes
  2107 | D:5      | Got a pair of heavily runed boots
  2113 | D:5      | Identified the +0 pair of boots "Iruenik" {rElec Str+3
                  | Slay+5} (You found it on level 5 of the Dungeon)
  2196 | D:5      | Found a glowing drain.
  2211 | Sewer    | Entered a sewer
  2264 | Sewer    | Noticed Purgy
  2284 | Sewer    | Killed Purgy
  2284 | Sewer    | Reached XP level 8. HP: 61/75 MP: 7/7
  2416 | D:5      | Found a runed translucent gate.
  2417 | D:5      | Found a runed translucent gate.
  2417 | D:5      | Found a runed translucent gate.
  2417 | D:5      | Noticed p0werm0de's ghost (amateur DDFi)
  2418 | D:5      | Identified the +3 mace "Ottol" {pain, *Contam rPois rF+++
                  | MR+}
  2418 | D:5      | Identified the +6 chain mail of the Blind Marksman {Int+3
                  | Slay+3}
  2419 | D:5      | Found a roughly hewn altar of Beogh.
  2460 | D:6      | Found a runed translucent gate.
  2460 | D:6      | Found a runed translucent gate.
  2463 | D:6      | Found a runed translucent gate.
  2465 | D:6      | Noticed imnewhereh's ghost (novice GnVM)
  2466 | D:6      | Identified the cursed +3 battleaxe of Action {freeze,
                  | *Contam +Inv rN+++ Dex-2}
  2466 | D:6      | Identified the +1 plate armour of Least Resistance {Str+4}
  2467 | D:6      | Found a roughly hewn altar of Beogh.
  2492 | D:6      | Noticed a two-headed ogre
  2507 | D:6      | Killed a two-headed ogre
  2507 | D:6      | Reached skill level 7 in Axes
  2539 | D:6      | Noticed Grinder
  2547 | D:6      | Paralysed by Grinder for 4 turns
  2568 | D:6      | Killed Grinder
  2598 | D:6      | Gained mutation: You passively map the area around you.
                  | [Deep Dwarf growth]
  2598 | D:6      | Reached XP level 9. HP: 49/85 MP: 8/8
  2719 | D:6      | Reached skill level 8 in Axes
  3186 | D:7      | Found Zin's Purification Station.
  3191 | D:7      | Found a glowing silver altar of Zin.
  3247 | D:7      | Found a staircase to the Ecumenical Temple.
  3269 | Temple   | Entered the Ecumenical Temple
  3369 | D:7      | Noticed Joseph
  3382 | D:7      | Killed Joseph
  3506 | D:7      | Noticed Harold
  3522 | D:7      | Killed Harold
  3522 | D:7      | Reached skill level 9 in Axes
  3936 | D:8      | Reached XP level 10. HP: 51/96 MP: 9/9
  4471 | D:8      | Found a burning altar of Makhleb.
  4496 | D:8      | Became a worshipper of Makhleb the Destroyer
  4819 | D:9      | Reached skill level 10 in Axes
  4819 | D:9      | Reached skill level 1 in Invocations
  4847 | D:9      | Gained mutation: You tend to lose your temper in combat.
                  | [potion of mutation]
  4847 | D:9      | Gained mutation: You are occasionally teleported next to
                  | monsters. [potion of mutation]
  4847 | D:9      | Gained mutation: You are dopey. (Int -2) [potion of
                  | mutation]
  4847 | D:9      | Gained mutation: Your flesh is heat resistant. (rF+)
                  | [potion of mutation]
  4851 | D:9      | Lost mutation: You are occasionally teleported next to
                  | monsters. [potion of mutation]
  4851 | D:9      | Lost mutation: You tend to lose your temper in combat.
                  | [potion of mutation]
  4851 | D:9      | Lost mutation: You are dopey. (Int -2) [potion of mutation]
  4851 | D:9      | Gained mutation: You have supernaturally acute eyesight.
                  | (SInv) [potion of mutation]
  4851 | D:9      | Gained mutation: Your magical capacity is low. (-10% MP)
                  | [potion of mutation]
  4851 | D:9      | Gained mutation: Your muscles are strong. (Str +2) [potion
                  | of mutation]
  4851 | D:9      | Gained mutation: You are agile. (Dex +2) [potion of
                  | mutation]
  4930 | D:9      | Found a staircase to the Orcish Mines.
  4974 | D:9      | Reached * piety under Makhleb
  5540 | D:9      | Found an opulent altar of Gozag.
  5599 | D:10     | Entered Level 10 of the Dungeon
  5707 | D:10     | Reached ** piety under Makhleb
  5714 | D:10     | Found a flagged portal.
  5723 | Bailey   | Entered a bailey
  5731 | D:10     | Reached XP level 11. HP: 81/106 MP: 10/10
  5815 | D:10     | Found Xohataj's Book Shop.
  5982 | D:10     | Noticed a two-headed ogre
  5992 | D:10     | Killed a two-headed ogre
  6011 | D:10     | Reached skill level 11 in Axes
  6597 | D:6      | Killed imnewhereh's ghost
  6728 | D:11     | Noticed a death yak
  6728 | D:11     | Noticed a death yak
  6728 | D:11     | Noticed a death yak
  6730 | D:11     | Noticed a death yak
  6738 | D:11     | Noticed a death yak
  6746 | D:11     | Killed a death yak
  6750 | D:11     | Killed a death yak
  6750 | D:11     | Reached skill level 10 in Fighting
  6750 | D:11     | Reached skill level 5 in Invocations
  6756 | D:11     | Killed a death yak
  6762 | D:11     | Killed a death yak
  6763 | D:11     | Killed a death yak
  6763 | D:11     | Reached *** piety under Makhleb
  6777 | D:11     | Found a staircase to the Lair.
  6818 | D:11     | Found Ugetaily's Assorted Antiques.
  6949 | D:11     | Noticed a four-headed hydra
  6983 | D:11     | Killed an 11-headed hydra
  6983 | D:11     | Reached skill level 12 in Axes
  7043 | D:11     | Reached XP level 12. HP: 86/117 MP: 12/12
  7171 | D:11     | Found an ornate altar of the Wu Jian Council.
  7214 | D:11     | Reached skill level 1 in Evocations
  7408 | D:12     | Noticed a two-headed ogre
  7410 | D:12     | Noticed Psyche
  7423 | D:12     | Killed a two-headed ogre
  7428 | D:12     | Killed Psyche
  7439 | D:12     | Reached **** piety under Makhleb
  7487 | D:12     | Noticed Kirke
  7499 | D:12     | Killed Kirke
  7687 | D:12     | Noticed a two-headed ogre
  7694 | D:12     | Killed a two-headed ogre
  7720 | D:12     | Noticed a two-headed ogre
  7729 | D:12     | Killed a two-headed ogre
  7761 | D:12     | Noticed Nergalle
  7785 | D:12     | Killed Nergalle
  8375 | D:13     | Found a frozen archway.
  8583 | D:13     | Reached skill level 13 in Axes
  8583 | D:13     | Reached skill level 10 in Armour
  8583 | D:13     | Reached skill level 10 in Shields
  8651 | D:13     | Found a burning altar of Makhleb.
  8910 | D:14     | Noticed an ironheart preserver
  8911 | D:14     | Found a gate to the Vaults.
  8929 | D:14     | Killed an ironheart preserver
  8929 | D:14     | Reached XP level 13. HP: 127/127 MP: 15/15
  9008 | D:14     | Reached ***** piety under Makhleb
  9008 | D:14     | Reached skill level 5 in Evocations
  9797 | D:15     | Entered Level 15 of the Dungeon
  9831 | D:15     | Found a staircase to the Depths.
  9831 | D:15     | Noticed a dire elephant
  9854 | D:15     | Killed a dire elephant
 10072 | D:15     | Reached skill level 14 in Axes
 10309 | D:15     | Gained mutation: You resist negative energy. (rN+) [Deep
                  | Dwarf growth]
 10309 | D:15     | Reached XP level 14. HP: 100/139 MP: 16/16
 10571 | Lair:1   | Entered Level 1 of the Lair of Beasts
 10726 | Lair:1   | Found a gate leading to a gauntlet.
 10819 | Gauntlet | Entered a Gauntlet
 10819 | Gauntlet | Found a transporter.
 10819 | Gauntlet | Found a transporter.
 10822 | Gauntlet | Found a transporter.
 10823 | Gauntlet | Found a transporter.
 10835 | Gauntlet | Found a transporter.
 10835 | Gauntlet | Noticed a cacodemon
 10837 | Gauntlet | Found a transporter.
 10843 | Gauntlet | Noticed a reaper
 10847 | Gauntlet | Found a transporter.
 10890 | Gauntlet | Found a transporter.
 10938 | Gauntlet | Found a transporter.
 10948 | Gauntlet | Found a transporter.
 10952 | Gauntlet | Found a transporter.
 10962 | Gauntlet | Found a transporter.
 11158 | Gauntlet | Got a jewelled cloak
 11188 | Gauntlet | Got a steaming steel ring
 11217 | Gauntlet | Identified Ceum's Papyrus of Shifting Companions
 11768 | Lair:2   | You fall into a shaft and drop 2 floors!
 12562 | Lair:3   | Found a staircase to the Swamp.
 12612 | Lair:3   | Reached skill level 10 in Invocations
 12650 | Lair:3   | Reached ****** piety under Makhleb
 12778 | Lair:3   | Found a hole to the Spider Nest.
 12926 | Lair:3   | Identified the ring of Luenelill {rElec MR+ Int-4 Dex+4}
                  | (You found it in a Gauntlet)
 12927 | Lair:3   | Identified the +2 cloak of Anaesthesia {rCorr Str+4} (You
                  | found it in a Gauntlet)
 12995 | Swamp:1  | Entered Level 1 of the Swamp
 13192 | Swamp:2  | Reached skill level 15 in Axes
 13317 | Swamp:3  | Slain by a shambling mangrove

Illustrated notes

Levels and vault maps discovered:
D:1:      tarquinn_simple_flora_water_e, layout_basic
D:2:      layout_rooms, lemuel_crystal_altar, uniq_jessica
D:3:      layout_basic, gammafunk_temple_overflow_statue
D:4:      layout_cave_pools, ebering_ghost_sewer_d, serial_shops, shop,
          hex_large, uniq_menkaure, uniq_crazy_yiuf_cottage
D:5:      layout_rooms, lemuel_coloured_pillars_altar, gup_sewer_entry_pipe,
          biasface_ghost_orc_armoury
D:6:      layout_loops_ring, biasface_ghost_orc_armoury, corner_web_ring,
          uniq_grinder
D:7:      layout_basic, zin_purify, minmay_temple_entry_overgrown, uniq_joseph,
          uniq_harold
D:8:      layout_basic, lemuel_mausoleum_altar_kikubaaqudgha,
          lemuel_crystal_altar
D:9:      minmay_s_stair_smasher, layout_cave_pools, marbit_many_paths,
          grunt_ministairs_4
D:10:     layout_irregular_city, enter_bailey_3, serial_shops,
          nicolae_shop_waterfront
D:11:     layout_roguey, dpeg_lair_monsters, serial_shops, kennysheep_mini,
          basic_altar, minmay_misc_feat_four_crosses
D:12:     layout_basic, minivault_22, uniq_kirke, uniq_psyche, uniq_nergalle
D:13:     layout_basic, portal_ice_cave_entry_pillars_1, basic_altar,
          serial_curves, eino_curves_03, eino_curves_03
D:14:     layout_loops_ring, skrybe_vaults_entry_preservation,
          infiniplex_staircase_door_maze
D:15:     hangedman_depths_entry_try_elsewhere_first, layout_basic
Temple:   nicolae_temple_great_sept
Lair:1:   layout_cellular_growth, gammafunk_ghost_grave, gauntlet_entry_generic
Lair:2:   layout_chaotic_city
Lair:3:   layout_chaotic_city, minmay_swamp_entry_worms, spider_nest_entry_a,
          chequers_serial_rivers_small_a, beast_lair_carwin_7,
          grunt_megastairs_2
Lair:4:   layout_gridlike
Swamp:1:  layout_basic_swamp, serial_swamp_ruin, evilmike_swamp_ruin_house_3,
          evilmike_swamp_ruin_rubble_1
Swamp:2:  layout_falls_marsh, evilmike_swamp_ruin_wall, swamp_pool2, uniq_aizul
Swamp:3:  layout_basic_swamp, hangedman_swamp_ruin_wall

Skill      XL: |  1  2  3  4  5  6  7  8  9 10 11 12 13 14 |
---------------+-------------------------------------------+-----
Fighting       | 3 4 5 6 8 9 10 11 12 13 | 13.2
Axes           | 3 4 5 6 7 9 10 12 13 14 15 | 15.2
Armour         | 4 5 6 7 8 9 10 11 | 11.5
Shields        | 4 5 6 7 8 9 10 11 | 11.5
Invocations    | 3 6 7 9 10 | 10.5
Evocations     | 4 6 8 |  8.6

Action                   |  1- 3 |  4- 6 |  7- 9 | 10-12 | 13-15 || total
-------------------------+-------+-------+-------+-------+-------++-------
Melee: War axe           |   131 |    56 |   271 |   663 |   690 ||  1811
Invok: Lesser Servant of |       |       |       |     2 |     2 ||     4
 Abil: Heal Wounds       |     1 |     3 |     8 |    11 |       ||    23
Evoke: Wand              |       |       |       |     3 |       ||     3
  Use: Scroll            |       |       |     6 |     9 |    12 ||    27
       Potion            |       |       |       |     6 |     1 ||     7
 Stab: Petrified         |       |       |       |       |     3 ||     3
Armor: Scale mail        |    60 |       |       |       |       ||    60
       Chain mail        |    47 |    41 |   131 |   128 |       ||   347
       Plate armour      |       |       |       |   173 |   311 ||   484
Dodge: Dodged            |    46 |    22 |    42 |   151 |   133 ||   394
Block: Kite shield       |   106 |    44 |   139 |   515 |   622 ||  1426
       Reflection        |       |       |       |     9 |    19 ||    28

Table legend: (Time is in decaauts)
 A = Elapsed time spent in this place.
 B = Non-inter-level travel time spent in this place.
 C = Inter-level travel time spent in this place.
 D = Time resting spent in this place.
 E = Time spent auto-exploring this place.
 F = Levels seen in this place.
 G = Mean time per level.
                   A        B        C        D        E       F      G
               +--------+--------+--------+--------+--------+-----+--------+
         Total |  13395 |  12370 |   1025 |    136 |   8828 |  26 |  515.2 |
       Dungeon |  10472 |   9622 |    850 |     16 |   7020 |  15 |  698.1 |
        Temple |     78 |     66 |     12 |      0 |     65 |   1 |   78.0 |
          Lair |   1991 |   1847 |    144 |    120 |   1379 |   4 |  497.8 |
         Swamp |    310 |    292 |     18 |      0 |    137 |   3 |  103.3 |
         Sewer |    140 |    140 |      0 |      0 |     76 |   1 |  140.0 |
        Bailey |      5 |      5 |      0 |      0 |      0 |   1 |    5.0 |
      Gauntlet |    396 |    396 |      0 |      0 |    150 |   1 |  396.0 |
               +--------+--------+--------+--------+--------+-----+--------+

Top non-repeatable levels by time:
    D:14: 948 daAuts
     D:8: 934 daAuts
     D:3: 891 daAuts
    D:12: 889 daAuts
     D:9: 827 daAuts
     D:7: 818 daAuts
     D:6: 754 daAuts
     D:4: 741 daAuts
    D:10: 717 daAuts
    D:11: 707 daAuts
    D:15: 678 daAuts
  Lair:4: 656 daAuts
     D:5: 644 daAuts
    D:13: 583 daAuts
  Lair:3: 551 daAuts
